 Dungeon Sprint DCSS version 0.28-b1-25-g9875b3fc8c (webtiles) character file.

Game seed: 4350789146879743621

667 rocky1 the Earth Mage (level 7, -2/41 HPs)
             Began as a Gargoyle Earth Elementalist on Feb 3, 2022.
             Was a High Priest of Sif Muna.
             Slain by Joseph (11 damage)
             ... while paralysed by Joseph
             ... in the Dungeon (Sprint VII: "The Pits").
             The game lasted 00:05:21 (1081 turns).

rocky1 the Earth Mage (Gargoyle Earth Elementalist) Turns: 1081, Time: 00:05:21

Health: -2/41      AC:  7    Str: 12    XL:     7   Next: 57%
Magic:  4/16       EV:  2    Int: 17    God:    Sif Muna [*****.]
Gold:   0          SH:  0    Dex: 10    Spells: 14/18 levels left

rFire   . . .      SeeInvis .   m - +1 quarterstaff (protect)
rCold   . . .      Faith    .   (shield currently unavailable)
rNeg    + . .      Spirit   .   b - +0 robe
rPois   ∞          Reflect  .   (no helmet)
rElec   +          Harm     .   o - +0 cloak {rCorr}
rCorr   +          Rampage  .   (no gloves)
Will    .....      NoTele   +   (no boots)
Stlth   ++........              (no amulet)
HPRegen 0.13/turn               (no ring)
MPRegen 0.15/turn               (no ring)

@: paralysed
A: sickness immunity, AC +4, negative energy resistance 1, electricity
resistance, torment resistance 1, petrification resistance
a: Renounce Religion, Channel Magic, Forget Spell, Divine Exegesis


You were in the Dungeon.
You worshipped Sif Muna.
Sif Muna was extremely pleased with you.
You visited 1 branch

Inventory:

Hand Weapons
 m - a +1 quarterstaff of protection (weapon)
 n - a +2 quarterstaff of chaos
Missiles
 i - 22 stones
Armour
 b - a +0 robe (worn)
 o - a +0 cloak of preservation (worn)
Wands
 l - a wand of flame (14)
Scrolls
 h - a scroll of blinking
 j - 5 scrolls of amnesia
 k - a scroll of summoning
Potions
 a - 2 potions of invisibility
 c - 6 potions of curing
 d - 4 potions of heal wounds
 e - a potion of haste
 f - 4 potions of magic
 g - 2 potions of berserk rage


   Skills:
 + Level 3.5 Fighting
 - Level 1.5 Dodging
 - Level 2.1 Stealth
 + Level 6.0 Spellcasting
 + Level 2.8 Conjurations
 + Level 2.3 Transmutations
 - Level 16.0 Earth Magic
 + Level 2.8 Invocations


You had 14 spell levels left.
You knew the following spells:

 Your Spells              Type           Power      Damage    Failure   Level
a - Sandblast             Erth           100%       2d20      1%          1
b - Stone Arrow           Conj/Erth      74%        3d11      1%          3

Your spell library contained the following spells:

 Spells                   Type           Power      Damage    Failure   Level
 Passwall                 Tmut/Erth      30%        N/A       1%          2
 Petrify                  Tmut/Erth      36%        N/A       3%          4


Dungeon Overview and Level Annotations

Branches:
Dungeon (1/1)

Altars:
Ashenzari
Cheibriados
Dithmenos
Elyvilon
Fedhas
Gozag
Hepliaklqana
Kikubaaqudgha
Makhleb
Nemelex Xobeh
Okawaru
Qazlal
Ru
Sif Muna
Trog
Uskayaw
Vehumet
Wu Jian
Xom
Yredelemnul
Zin
The Shining One
Beogh
Jiyva
Lugonu

Annotations:
D Joseph


Innate Abilities, Weirdness & Mutations

You are immune to sickness and miasma.
Your stone body is resilient. (AC +4)
You are immune to poison.
You resist negative energy. (rN+)
You are resistant to electric shocks. (rElec)
You are resistant to unholy torment.
You are immune to petrification.


Message History

Casting: Stone Arrow (safe; 1% risk of failure)
Confirm with . or Enter, or press ? or * to list all spells.
Aiming: Stone Arrow (safe; 1% risk of failure)
Press: ? - help, Shift-Dir - straight line, f/p - hell rat
Aim: a hell rat (74% to hit)
The stone arrow hits the hell rat!
You kill the hell rat!
Sif Muna accepts your kill.
Sif Muna will now gift you books as you gain piety.
Joseph shoots a sling bullet.
The sling bullet hits you!
You feel much better.
Unknown command.
Casting: Stone Arrow (safe; 1% risk of failure)
Confirm with . or Enter, or press ? or * to list all spells.
Aiming: Stone Arrow (safe; 1% risk of failure)
Press: ? - help, Shift-Dir - straight line, f - jelly
Aim: a jelly (100% to hit)
The stone arrow hits the jelly!!
You kill the jelly!
Sif Muna accepts your kill.
Joseph shoots a sling bullet.
The sling bullet hits you!
Your Spellcasting skill increases to level 6!
You feel much better.
Casting: Stone Arrow (safe; 1% risk of failure)
Confirm with . or Enter, or press ? or * to list all spells.
Aiming: Stone Arrow (safe; 1% risk of failure)
Press: ? - help, Shift-Dir - straight line, f - Joseph
Aim: Joseph, wielding a +0 hunting sling, wearing a +0 leather armour, quivering sling bullets and carrying a wand of paralysis (6) (74% to hit)
The stone arrow misses Joseph.
Joseph says, "I'm here to kill trespassers.
I like my job."
Joseph zaps a wand.
You suddenly lose the ability to move!
Joseph unwields a +0 hunting sling.
Joseph wields a +0 quarterstaff.
Joseph hits you with a +0 quarterstaff!
Joseph says, "I'm here to kill trespassers.
I like my job."
Joseph hits you with a +0 quarterstaff! Joseph hits you but does no damage.
Joseph hits you with a +0 quarterstaff!
* * * LOW HITPOINT WARNING * * *
Joseph hits you with a +0 quarterstaff!
You die...

#.##'#.....##...<...#
#.#.)......##.......#
#.#........##.......#
#'###########.......#
#.......#.. #########
#.###...#.# ###
#.#.....#)# ...#
#.#.).#.#)#....#
#.....#.#@@....+
#...###.#'#....#
#.......'.# ...#
########### ###


You could see Joseph.

Vanquished Creatures
  A flying skull (D)
  A sky beast (D)
  An orc warrior (D)
  3 scorpions (D)
  A jelly (D)
  Crazy Yiuf (D)
  2 orc wizards (D)
  A hell rat (D)
  An orc (D)
  A bat skeleton (D)
  A giant cockroach (D)
  2 goblins (D)
  A bat (D)
  2 frilled lizards (D)
  A jackal skeleton (D)
  2 kobolds (D)
  A rat (D)
23 creatures vanquished.

Notes
Turn   | Place    | Note
-------+----------+-------------------------------------------
     0 | D        | rocky1 the Gargoyle Earth Elementalist began the quest for
                  | the Orb.
     0 | D        | Reached XP level 1. HP: 10/10 MP: 3/3
    31 | D        | Reached skill level 4 in Earth Magic
    39 | D        | Found a bloodstained altar of Trog.
    39 | D        | Found a shimmering blue altar of Sif Muna.
    39 | D        | Found a viscous altar of Jiyva.
    39 | D        | Found a hazy altar of Hepliaklqana.
    39 | D        | Found an opulent altar of Gozag.
    40 | D        | Found a glowing golden altar of the Shining One.
    40 | D        | Found a glowing silver altar of Zin.
    40 | D        | Found a basalt altar of Yredelemnul.
    40 | D        | Found a shimmering altar of Xom.
    40 | D        | Found an ornate altar of the Wu Jian Council.
    40 | D        | Found a sacrificial altar of Ru.
    40 | D        | Found a stormy altar of Qazlal.
    40 | D        | Found an iron altar of Okawaru.
    40 | D        | Found a sparkling altar of Nemelex Xobeh.
    40 | D        | Found a burning altar of Makhleb.
    40 | D        | Found a blossoming altar of Fedhas.
    40 | D        | Found a white marble altar of Elyvilon.
    40 | D        | Found a shadowy altar of Dithmenos.
    40 | D        | Found a snail-covered altar of Cheibriados.
    43 | D        | Found a corrupted altar of Lugonu.
    43 | D        | Found a radiant altar of Vehumet.
    44 | D        | Found an ancient bone altar of Kikubaaqudgha.
    44 | D        | Found a hide-covered altar of Uskayaw.
    44 | D        | Found a broken altar of Ashenzari.
    47 | D        | Became a worshipper of Sif Muna the Loreminder
   135 | D        | Noticed a scorpion
   141 | D        | Killed a scorpion
   141 | D        | Reached * piety under Sif Muna
   142 | D        | Reached skill level 9 in Earth Magic
   142 | D        | Reached XP level 2. HP: 14/15 MP: 0/5
   142 | D        | Reached XP level 3. HP: 18/19 MP: 0/6
   142 | D        | Reached XP level 4. HP: 23/24 MP: 0/7
   352 | D        | Learned a level 3 spell: Stone Arrow
   354 | D        | Noticed a scorpion
   362 | D        | Killed a scorpion
   363 | D        | Reached skill level 11 in Earth Magic
   363 | D        | Reached XP level 5. HP: 26/28 MP: 5/8
   364 | D        | Reached ** piety under Sif Muna
   426 | D        | Noticed Crazy Yiuf
   440 | D        | Killed Crazy Yiuf
   441 | D        | Reached skill level 12 in Earth Magic
   443 | D        | Reached *** piety under Sif Muna
   453 | D        | Noticed a sky beast
   457 | D        | Killed a sky beast
   458 | D        | Reached skill level 14 in Earth Magic
   458 | D        | Reached XP level 6. HP: 30/32 MP: 6/9
   502 | D        | Noticed a flying skull
   508 | D        | Killed a flying skull
   508 | D        | Reached **** piety under Sif Muna
   509 | D        | Reached skill level 5 in Spellcasting
   509 | D        | Reached skill level 15 in Earth Magic
   748 | D        | Reached skill level 1 in Fighting
   748 | D        | Reached skill level 16 in Earth Magic
   748 | D        | Reached XP level 7. HP: 39/39 MP: 4/15
  1030 | D        | Reached skill level 1 in Conjurations
  1030 | D        | Reached skill level 1 in Transmutations
  1030 | D        | Reached skill level 1 in Invocations
  1067 | D        | Noticed Joseph
  1067 | D        | Paralysed by Joseph for 4 turns
  1072 | D        | Reached ***** piety under Sif Muna
  1076 | D        | Paralysed by Joseph for 6 turns
  1081 | D        | Slain by Joseph

Illustrated notes

Levels and vault maps discovered:
D:        pitsprint [storerooms_1, entrance_room_1, metal_vault_7, armoury_2,
          mini_pit_1, grid_room_1, main_hall_1, silver_pit, the_coven_1,
          the_vestibule_1, steel_vault_5, golden_pit, hallway_of_sentries,
          crystal_vault_4, iron_vault_1, final_vault]

Skill      XL: |  1  2  3  4  5  6  7 |
---------------+----------------------+-----
Earth Magic    | 9 11 14 16 | 16.0
Spellcasting   | 5 6 |  6.0
Fighting       | 1 3 |  3.5
Conjurations   | 2 |  2.8
Transmutations | 2 |  2.3
Invocations    | 2 |  2.8
Dodging        | |  1.5
Stealth        | |  2.1

Action                   |  1- 3 |  4- 6 |  7- 9 || total
-------------------------+-------+-------+-------++-------
Melee: Quarterstaff      |     5 |    19 |    10 ||    34
       Unarmed           |     2 |       |       ||     2
 Cast: Sandblast         |     4 |    13 |     6 ||    23
       Stone Arrow       |       |     4 |     4 ||     8
  Use: Potion            |     1 |       |     2 ||     3
 Stab: Sleeping          |       |     1 |       ||     1
Armor: Robe              |     8 |    12 |     8 ||    28
Dodge: Dodged            |    10 |    16 |     5 ||    31
